 Dungeon Sprint DCSS version 0.21.1-1-g345015f (webtiles) character file.

5300000 Fang the Axe Maniac (level 27, -22/273 HPs)
             Began as a Minotaur Gladiator on May 16, 2018.
             Was the Champion of Makhleb.
             Annihilated by The Servant
             ... wielding a +9 glaive of flaming
              (30 damage)
             ... in the Dungeon (Sprint VIII: "Arena of Blood").
             The game lasted 00:00:53 (53 turns).

Fang the Axe Maniac (Minotaur Gladiator)              Turns: 53, Time: 00:00:54

Health: -22/273    AC:  6    Str: 30    XL:     27
Magic:  25/53      EV: 31    Int:  5    God:    Makhleb [******]
Gold:   0          SH:  0    Dex: 14    Spells: 80/80 levels left

rFire    . . .     SeeInvis .   l - +∞ Axe of Woe
rCold    . . .     Gourm    .   (shield currently unavailable)
rNeg     . . .     Faith    .   b - +0 leather armour
rPois    .         Spirit   .   c - +0 hat
rElec    .         Reflect  .   (no cloak)
rCorr    .         Harm     .   (no gloves)
MR       ++...     NoTele   +   (no boots)
Stlth    +++++++++.             (no amulet)
HPRegen  0.55/turn              (no ring)
MPRegen  0.33/turn              (no ring)

@: no status effects
A: retaliatory headbutt, horns 2
a: Minor Destruction, Lesser Servant of Makhleb, Major Destruction, Greater
Servant of Makhleb, Renounce Religion


You were in the Dungeon.
You worshipped Makhleb.
Makhleb was exalted by your worship.
You were not hungry.

You visited 1 branch

Inventory:

Hand Weapons
 a - a +0 war axe
 l - the +∞ Axe of Woe (weapon)
   (You found it in the Dungeon)
Missiles
 d - 3 throwing nets (quivered)
Armour
 b - a +0 leather armour (worn)
 c - a +0 hat (worn)
Scrolls
 k - a scroll of blinking
Potions
 e - a potion of curing
 h - a potion of haste
 i - 2 potions of magic
 j - a potion of berserk rage
Comestibles
 f - a ration


   Skills:
 O Level 27 Fighting
 O Level 27 Axes
 O Level 27 Throwing
 O Level 27 Armour
 O Level 27 Dodging
 O Level 27 Stealth
 O Level 27 Unarmed Combat
 O Level 27 Spellcasting
 O Level 27 Invocations


You had 80 spell levels left.
You didn't know any spells.

Dungeon Overview and Level Annotations

Branches:
Dungeon (1/1)

Altars:
Makhleb

Annotations:
D The Servant


Innate Abilities, Weirdness & Mutations

You reflexively headbutt those who attack you in melee.
You have a pair of horns on your head.


Message History

The small abomination is engulfed in blazing flames.
The accursed appears out of thin air!
An accursed comes into view.
A bag of meat comes into view. It is wielding a +9 war axe.
Unknown command.
You feel much better.
The bag of meat shouts!
You hear a shout! x3
The accursed casts a spell at you. Something smites you!
* * * LOW HITPOINT WARNING * * *
You hear a shout!
The tentacled monstrosity closely misses you.
You furiously retaliate!
You headbutt the tentacled monstrosity, but do no damage.
The tentacled monstrosity completely misses you. x3
The bag of meat hits you with a +9 war axe.
* * * LOW HITPOINT WARNING * * *
The destroyer shouts!
The Servant hits you from afar with a +9 glaive of flaming!!
You die...

.........%........
...M%.%..#.#...%%.
...........%.....#
....oX............
#......X...%......
.....O.L.....V....
oo.....XX))X§.....
#..@x§§)# ..
#...o)o§#
...###xo@.o).###...
........###..ox....
#.......)_.zoo.....
.....#)....#......
.M...#_o<._#.o....
.....#)....#....o.
....._.......o.


You could see 2 accurseds, 2 tentacled monstrosities, a tyrant, The Servant, a
destroyer, a sculptor of flesh, 3 large abominations, a meat berserker
(berserk), a small abomination, 11 bags of meat and 2 crawling corpses.

Vanquished Creatures
  11 vampire knights (D)
  19 ogres (D)
  4 two-headed ogres (D)
  26 orcs (D)
  2 skeletal warriors (D)
  2 large abominations (D)
  2 small abominations (D)
  2 crawling corpses (D)
68 creatures vanquished.

Notes
Turn   | Place    | Note
-------+----------+-------------------------------------------
     0 | D        | Found the +∞ Axe of Woe
     0 | D        | Fang the Minotaur Gladiator began the quest for the Orb.
     0 | D        | Reached XP level 1. HP: 18/18 MP: 0/0
     3 | D        | Noticed a bag of meat
     3 | D        | Noticed a meat berserker
     3 | D        | Noticed a meat berserker
     3 | D        | Noticed a meat berserker
     4 | D        | Became a worshipper of Makhleb the Destroyer
     7 | D        | Killed a meat berserker
     7 | D        | Reached XP level 2. HP: 44/44 MP: 1/1
     7 | D        | Reached XP level 3. HP: 50/50 MP: 2/2
     7 | D        | Reached XP level 4. HP: 58/58 MP: 3/3
     7 | D        | Reached XP level 5. HP: 64/64 MP: 4/4
     7 | D        | Reached XP level 6. HP: 72/72 MP: 5/5
     7 | D        | Reached XP level 7. HP: 79/79 MP: 6/6
     7 | D        | Reached XP level 8. HP: 86/86 MP: 7/7
     7 | D        | Reached XP level 9. HP: 93/93 MP: 8/8
     7 | D        | Reached XP level 10. HP: 101/101 MP: 9/9
     7 | D        | Reached XP level 11. HP: 107/107 MP: 10/10
     7 | D        | Reached XP level 12. HP: 115/115 MP: 11/11
     7 | D        | Reached XP level 13. HP: 122/122 MP: 12/12
     7 | D        | Killed a meat berserker
     7 | D        | Reached * piety under Makhleb
     7 | D        | Reached skill level 15 in Fighting
     7 | D        | Reached skill level 27 in Axes
     7 | D        | Reached XP level 14. HP: 135/135 MP: 13/13
     8 | D        | Noticed a bag of meat
     8 | D        | Killed a bag of meat
     8 | D        | Reached skill level 1 in Armour
     8 | D        | Killed a meat berserker
     8 | D        | Reached skill level 27 in Dodging
     8 | D        | Reached XP level 15. HP: 101/162 MP: 14/14
     9 | D        | Noticed a meat berserker
    10 | D        | Killed a meat berserker
    10 | D        | Reached ** piety under Makhleb
    10 | D        | Reached XP level 16. HP: 114/181 MP: 15/15
    11 | D        | Noticed a meat berserker
    13 | D        | Noticed a meat berserker
    13 | D        | Killed a meat berserker
    13 | D        | Reached skill level 27 in Fighting
    13 | D        | Reached skill level 27 in Throwing
    13 | D        | Reached XP level 17. HP: 191/191 MP: 16/16
    15 | D        | Noticed a meat berserker
    16 | D        | Noticed a meat berserker
    16 | D        | Killed a meat berserker
    16 | D        | Reached *** piety under Makhleb
    17 | D        | Noticed a meat berserker
    18 | D        | Noticed a meat berserker
    18 | D        | Noticed a meat berserker
    18 | D        | Killed a meat berserker
    18 | D        | Reached skill level 27 in Armour
    18 | D        | Reached XP level 18. HP: 179/200 MP: 17/17
    19 | D        | Noticed a meat berserker
    19 | D        | Noticed a meat berserker
    20 | D        | Noticed a large bag of meat
    20 | D        | Killed a meat berserker
    20 | D        | Reached **** piety under Makhleb
    20 | D        | Reached XP level 19. HP: 207/207 MP: 17/31
    21 | D        | Killed a meat berserker
    21 | D        | Reached skill level 27 in Stealth
    22 | D        | Noticed a meat berserker
    22 | D        | Noticed a large bag of meat
    22 | D        | Killed a meat berserker
    22 | D        | Reached ***** piety under Makhleb
    24 | D        | Noticed a large bag of meat
    24 | D        | Noticed a meat berserker
    24 | D        | Killed a meat berserker
    24 | D        | Reached XP level 20. HP: 199/216 MP: 18/37
    24 | D        | Reached skill level 15 in Spellcasting
    25 | D        | Killed a meat berserker
    25 | D        | Reached XP level 21. HP: 224/224 MP: 18/42
    25 | D        | Reached skill level 27 in Unarmed Combat
    25 | D        | Reached skill level 27 in Invocations
    25 | D        | Noticed a destroyer
    26 | D        | Reached ****** piety under Makhleb
    27 | D        | Reached skill level 27 in Spellcasting
    27 | D        | Reached XP level 22. HP: 233/233 MP: 18/52
    28 | D        | Noticed a destroyer
    28 | D        | Killed a destroyer
    29 | D        | Killed a large bag of meat
    29 | D        | Reached XP level 23. HP: 240/240 MP: 19/53
    30 | D        | Noticed a destroyer
    30 | D        | Noticed a destroyer
    30 | D        | Noticed a large bag of meat
    31 | D        | Noticed a destroyer
    32 | D        | Killed a destroyer
    32 | D        | Reached XP level 24. HP: 249/249 MP: 19/53
    33 | D        | Noticed a destroyer
    33 | D        | Killed a large bag of meat
    34 | D        | Noticed a destroyer
    34 | D        | Killed a large bag of meat
    35 | D        | Reached XP level 25. HP: 257/257 MP: 20/53
    36 | D        | Killed a destroyer
    36 | D        | Killed a destroyer
    37 | D        | Killed a destroyer
    37 | D        | Reached XP level 26. HP: 249/266 MP: 21/53
    38 | D        | Noticed a destroyer
    39 | D        | Noticed a destroyer
    40 | D        | Killed a destroyer
    41 | D        | Noticed a destroyer
    41 | D        | Killed a destroyer
    41 | D        | Reached XP level 27. HP: 273/273 MP: 21/53
    43 | D        | Killed a destroyer
    44 | D        | Killed a destroyer
    46 | D        | Noticed a destroyer
    46 | D        | Killed a large bag of meat
    46 | D        | Noticed The Servant
    47 | D        | Noticed a tyrant
    47 | D        | Killed a destroyer
    50 | D        | HP: 12/273 [destroyer/+9 great sword of slicing (11)]
    51 | D        | Noticed an accursed
    51 | D        | Killed a destroyer
    52 | D        | Noticed a destroyer
    52 | D        | HP: 2/273 [The Servant/+9 glaive of flaming (60)]
    53 | D        | Noticed an accursed
    53 | D        | Annihilated by The Servant

Skill      XL: |  1  2  3  4  5  6  7  8  9 10 11 12 13 14 15 16 17 18 19 20 21 |
---------------+----------------------------------------------------------------+-----
Fighting       | 13 15 22 26 27 | 27.0
Axes           | 23 27 | 27.0
Throwing       | 11 13 18 22 27 | 27.0
Dodging        | 21 24 27 | 27.0
Armour         | 4 7 17 27 | 27.0
Stealth        | 23 27 | 27.0
Unarmed Combat | 13 21 26 27 | 27.0
Spellcasting   | 9 14 18 27 | 27.0
Invocations    | 12 19 24 27 | 27.0

Action                   |  1- 3 |  4- 6 |  7- 9 | 10-12 | 13-15 | 16-18 | 19-21 | 22-24 | 25-27 || total
-------------------------+-------+-------+-------+-------+-------+-------+-------+-------+-------++-------
Melee: Executioner's axe |     1 |       |       |       |     2 |     4 |     6 |     8 |    14 ||    35
  Use: Potion            |       |       |       |       |       |       |       |       |     1 ||     1
Armor: Leather armour    |       |       |       |       |       |     1 |       |       |       ||     1
Dodge: Dodged            |       |       |       |       |     1 |     1 |       |       |     4 ||     6
